 Dungeon Crawl Stone Soup version 0.20.1-1-g8b1a95d (webtiles) character file.

89 Zedayar the Sneak (level 4, -4/23 HPs)
             Began as a Spriggan Assassin on Sept 7, 2017.
             Killed from afar by an orc wizard (7 damage)
             ... with a magic dart
             ... on level 3 of the Dungeon.
             The game lasted 00:02:30 (1878 turns).

Zedayar the Sneak (Spriggan Assassin)               Turns: 1878, Time: 00:02:32

Health: -4/23      AC:  3    Str:  7    XL:     4   Next: 31%
Magic:  5/5        EV: 19    Int: 12    God:
Gold:   87         SH:  0    Dex: 18    Spells: 3/3 levels left

rFire    . . .     SeeInvis +   a - +2 dagger
rCold    . . .     Gourm    .   (shield restricted)
rNeg     . . .     Faith    .   c - +0 robe
rPois    .         Spirit   .   (helmet restricted)
rElec    .         Reflect  .   d - +0 cloak
rCorr    .         Harm     .   (gloves unavailable)
MR       .....                  (boots unavailable)
Stlth    ++++......             (no amulet)
Regen    0.1/turn               (no ring)
MPRegen  0.1/turn               (no ring)

@: very quick
A: unfitting armour, see invisible, herbivore 3, speed 3, slow metabolism 2
a: no special abilities


You were on level 3 of the Dungeon.
You were not hungry.

You visited 1 branch of the dungeon, and saw 3 of its levels.

You collected 87 gold pieces.

Inventory:

Hand Weapons
 a - a +2 dagger (weapon)
 b - a +0 blowgun
Missiles
 e - 34 poisoned needles
 f - 2 curare-tipped needles
Armour
 c - a +0 robe (worn)
 d - a +0 cloak (worn)
Scrolls
 h - 4 scrolls of identify {unknown}
 i - a scroll of immolation {unknown}
 k - 2 scrolls of enchant weapon {unknown}
 n - a scroll of blinking {unknown}
 r - 2 scrolls of fog {unknown}
 s - 2 scrolls of remove curse {unknown}
 t - 2 scrolls of teleportation {unknown}
 u - 2 scrolls of enchant armour {unknown}
Potions
 j - 2 potions of invisibility {unknown}
 l - 2 potions of heal wounds {unknown}
 o - 5 potions of curing {unknown}
 p - a potion of agility {unknown}
Comestibles
 g - a bread ration
 m - a royal jelly
 q - a fruit


   Skills:
 - Level 1.7 Fighting
 + Level 3.5 Short Blades
 - Level 2.0 Throwing
 * Level 3.3 Dodging
 + Level 6.9 Stealth


You had 3 spell levels left.
You didn't know any spells.

Dungeon Overview and Level Annotations

Branches:
Dungeon (3/15)

Altars:
Elyvilon
Sif Muna
Yredelemnul


Innate Abilities, Weirdness & Mutations

You are very small and have problems with some larger weapons.
You are too small for most types of armour.
You have supernaturally acute eyesight. (SInv)
You are a herbivore.
You cover ground extremely quickly.
You need consume almost no food.


Message History

The orc wizard is heavily wounded.
The orc wizard hits you but does no damage.
You hit the orc wizard but do no damage.
The orc wizard is heavily wounded.
The orc wizard hits you with a dagger.
You hit the orc wizard.
The orc wizard is severely wounded.
The orc wizard hits you with a dagger.
* * * LOW HITPOINT WARNING * * *
You hit the orc wizard.
The orc wizard is almost dead.
The orc wizard misses you.
You closely miss the orc wizard.
The orc wizard is almost dead.
The orc wizard gestures at you while chanting.
The magic dart hits you!
* * * LOW HITPOINT WARNING * * *
The orc wizard casts a spell at you. The magic dart hits you!
You die...

.....#..# #......######
#.#.##..# ###..#.##.o.#
........#####..#.##โ‰ˆโ‰ˆโ‰ˆ#
.................##...#
....##..#####..### ...
.................###'###
....##..######.###.8.8.#
........######.###.._..#
..#............o@##...##
.รท#.###.######.##.##.##
..#.....# #.##....#
........### #.##.####
####......## #.##.#
####.......# #.##.#
...........# #.##.#
#######....# #.##.# ..#
#....# #.#


You could see an orc wizard.

Vanquished Creatures
  An ooze (D:3)
  3 dart slugs
  5 leopard geckos
  5 orcs (D:3)
  A ball python (D:2)
  5 bats
  5 giant cockroaches
  9 goblins
  7 hobgoblins
  A quokka (D:3)
  5 frilled lizards
  7 kobolds
  11 rats
65 creatures vanquished.

Notes
Turn   | Place    | Note
-------+----------+-------------------------------------------
     0 | D:1      | Zedayar the Spriggan Assassin began the quest for the Orb.
     0 | D:1      | Reached XP level 1. HP: 10/10 MP: 2/2
     9 | D:1      | Reached skill level 6 in Stealth
    76 | D:1      | Reached XP level 2. HP: 13/15 MP: 3/3
   459 | D:2      | Reached XP level 3. HP: 12/18 MP: 4/4
  1254 | D:3      | Reached XP level 4. HP: 23/23 MP: 5/5
  1381 | D:3      | Found a white marble altar of Elyvilon.
  1772 | D:3      | Found a basalt altar of Yredelemnul.
  1835 | D:3      | Found a deep blue altar of Sif Muna.
  1878 | D:3      | Killed from afar by an orc wizard

Skill      XL: |  1  2  3  4 |
---------------+-------------+-----
Stealth        | 6 |  6.9
Dodging        | 2 3 |  3.3
Short Blades   | 3 |  3.5
Fighting       | |  1.7
Throwing       | |  2.0

Action                   |  1- 3 |  4- 6 || total
-------------------------+-------+-------++-------
Melee: Dagger            |   167 |    75 ||   242
 Stab: Sleeping          |    12 |     2 ||    14
Armor: Robe              |    19 |     6 ||    25
Dodge: Dodged            |   128 |    60 ||   188
